Map: Kairos Junction LE

Players

MästareN

  • Race: Terran Terran
  • League: Master
  • Spawn Location: 11:00

Mez - Winner!

  • Race: Terran Terran
  • League: Master
  • Spawn Location: 5:00

VOD

Have the link to the VOD?

Description

Time

  • Played on: Aug. 6, 2019, 11:02 a.m.
  • Length: 5:39
Show
View Real Time Build Order
Export as new Build Order

MästareN Terran 

Build Orders:  

Get SALT Encoding   

  12  0:00  SCV  
  13  0:12  SCV  
  14  0:19  Supply Depot  
  14  0:24  SCV  
  15  0:41  SCV  
  16  0:42  Barracks  
  16  0:48  Refinery  
  16  1:02  Barracks  
  16  1:06  SCV  
  18  1:18  SCV  
  18  1:30  SCV  
  19  1:35  Reaper  
  19  1:50  Orbital Command  
  19  1:51  Barracks  
  19  1:59  Refinery  
  19  2:09  Reaper  
  20  2:17  Supply Depot  
  20  2:18  SCV  
  20  2:31  SCV  
  21  2:41  Reaper, Command Center  
  22  2:55  SCV  
  23  3:00  Reaper  
  24  3:06  Factory  
  24  3:08  SCV  
  26  3:29  SCV  
  27  3:34  Supply Depot  
  27  3:38  Barracks Reactor  
  26  3:42  SCV  
  27  3:49  Hellion  
  27  3:53  Orbital Command  
  27  3:54  SCV  
  30  4:06  SCV  
  31  4:12  Orbital Command, Starport  
  31  4:18  SCV  
  31  4:20  Factory Tech Lab  
  32  4:34  SCV  
  32  4:35  Marine x2  
  35  4:39  SCV  
  35  4:42  Barracks  
  35  4:45  Siege Tank  
  39  4:46  SCV  
  39  4:48  Starport Reactor  
  39  4:52  SCV  
  41  4:53  Marine x2  
  41  4:58  SCV  
  44  5:02  Barracks Tech Lab  
  44  5:04  SCV, Supply Depot  
  44  5:05  Supply Depot  
  44  5:10  SCV  
  44  5:11  Marine x2  
Show
View Real Time Build Order
Export as new Build Order

Mez Terran - Winner!

Build Orders: Liberator Opening 

Get SALT Encoding   

  12  0:00  SCV  
  13  0:13  SCV  
  14  0:17  Supply Depot  
  14  0:25  SCV  
  15  0:28  Refinery  
  15  0:38  SCV  
  16  0:45  Barracks  
  16  0:52  SCV  
  17  1:04  SCV  
  18  1:16  SCV  
  19  1:37  Reaper  
  19  1:38  Orbital Command  
  20  1:43  Bunker  
  20  1:46  Supply Depot  
  20  1:50  Bunker  
  20  1:56  Factory  
  20  1:58  Refinery  
  20  2:06  SCV  
  21  2:10  Reaper  
  22  2:25  SCV  
  23  2:37  SCV  
  26  2:44  Hellion, Reaper  
  26  2:49  SCV  
  26  2:50  Command Center  
  28  2:58  Starport  
  28  3:02  SCV  
  29  3:08  Factory Tech Lab  
  29  3:14  SCV  
  29  3:17  Barracks Reactor  
  30  3:26  SCV  
  31  3:36  Starport Tech Lab  
  31  3:44  Supply Depot  
  31  3:45  Supply Depot, Liberator  
  31  4:02  Cyclone, SCV, Marine x2  
  40  4:04  Orbital Command  
  40  4:14  SCV  
  41  4:20  Marine x2  
  43  4:26  SCV  
  43  4:30  SCV  
  45  4:35  Siege Tank  
  48  4:38  SCV  
  48  4:39  Refinery  
  50  4:45  SCV  
  50  4:48  Starport Tech Lab  
  50  4:50  SCV  
  51  4:54  Supply Depot  
  51  4:57  SCV, Marine x2  
  54  5:03  SCV  
  55  5:10  SCV  
  55  5:15  SCV  
Tags
 
Add a new tag
Caveats
  • Supply blocks, unpowered buildings, or Contaminate may cause inaccurate times.
  • Supply counts are checked every 10 seconds.